 Dungeon Crawl Stone Soup version 0.21.1-1-g345015f (webtiles) character file.

186 shakethe the Skirmisher (level 5, 0/42 HPs)
             Began as a Demonspawn Fighter on Feb 21, 2018.
             Slain by an orc
             ... wielding a +0 hand axe
              (3 damage)
             ... on level 3 of the Dungeon.
             The game lasted 00:01:53 (1932 turns).

shakethe the Skirmisher (Demonspawn Fighter)        Turns: 1932, Time: 00:01:54

Health: 0/42       AC:  8    Str: 16    XL:     5   Next: 38%
Magic:  0/5        EV:  8    Int: 10    God:
Gold:   143        SH:  8    Dex: 13    Spells: 4/4 levels left

rFire    . . .     SeeInvis .   a - +0 war axe
rCold    . . .     Gourm    .   c - +0 shield
rNeg     . . .     Faith    .   b - +0 scale mail
rPois    .         Spirit   +   (helmet restricted)
rElec    .         Reflect  .   (no cloak)
rCorr    .         Harm     .   k - +0 pair of gloves (curse)
MR       .....                  (no boots)
Stlth    ..........             (no amulet)
HPRegen  0.14/turn              (no ring)
MPRegen  0.09/turn              (no ring)

@: no status effects
A: antennae 1, repulsion field 1, magic shield
a: no special abilities


You were on level 3 of the Dungeon.
You were hungry.

You visited 1 branch of the dungeon, and saw 3 of its levels.

You collected 143 gold pieces.

Inventory:

Hand Weapons
 a - a +0 war axe (weapon)
Armour
 b - a +0 scale mail (worn)
 c - a +0 shield (worn)
 k - a cursed +0 pair of gloves (worn)
   (You found it on level 2 of the Dungeon)
Scrolls
 e - a scroll of enchant weapon {unknown}
 g - a scroll of remove curse {unknown}
 h - 2 scrolls of identify {unknown}
 i - a scroll of random uselessness {unknown}
Potions
 d - a potion of might
 l - a potion of curing {unknown}
Comestibles
 f - 2 rations


   Skills:
 + Level 4.3 Fighting
 + Level 3.2 Axes
 + Level 3.9 Armour
 - Level 2.6 Shields


You had 4 spell levels left.
You didn't know any spells.

Dungeon Overview and Level Annotations

Branches:
Dungeon (3/15)

Altars:


Innate Abilities, Weirdness & Mutations

You have a pair of small antennae on your head.
You are surrounded by a mild repulsion field. (EV +2)
When hurt, damage is shared between your health and your magic reserves.


Message History

You take 5 damage, and have 32/37 hp.
You now have 3/4 mp.
You hit the phantom. You block the phantom's attack.
You barely miss the phantom. You block the phantom's attack.
The phantom blinks!
The phantom hits you.
The phantom blinks!
You take 2 damage, and have 30/37 hp.
You now have 2/4 mp.
You closely miss the phantom. The phantom hits you.
The phantom blinks!
You take 1 damage, and have 29/37 hp.
You now have 1/4 mp.
You slash the phantom! The phantom hits you.
The phantom blinks!
You take 3 damage, and have 26/37 hp.
Your shield and scale mail prevent you from hitting the phantom.
You block the phantom's attack.
You closely miss the phantom. You block the phantom's attack.
The phantom hits you but does no damage.
You hit the phantom.
The phantom blinks!
The phantom hits you.
You take 3 damage, and have 24/37 hp.
You hit the phantom.
The phantom hits you but does no damage.
The phantom blinks!
No target in view!
No target in view!
No target in view!
No target in view!
No target in view!
No target in view!
No target in view!
No target in view!
No target in view!
No target in view!
No target in view!
No target in view!
No target in view!
No target in view!
No target in view!
No target in view!
No target in view!
No target in view!
The phantom is too close now for your liking.
The phantom blinks!
The phantom blinks!
You slash the phantom!
You destroy the phantom!
Your Fighting skill increases to level 4!
Your Axes skill increases to level 3!
You have reached level 5!
Your demonic ancestry asserts itself...
A pair of antennae grows on your head!
You regained 4 hp, and now have 28/42 hp.
MP restored: 5
There is a stone staircase leading down here.
You start resting.
You are feeling hungry.
You regained 5 hp, and now have 36/42 hp.
You climb downwards. 2 orcs and an orc priest come into view.
The orc shouts!
The orc priest shouts!
The orc shouts!
There is a stone staircase leading up here.
There are monsters nearby!
A leopard gecko comes into view.
The leopard gecko hisses angrily.
Your scale mail prevents you from hitting the orc priest.
You closely miss the orc.
The orc priest hits you but does no damage.
The orc hits you with a hand axe.
The orc priest hits you with a hand axe.
You block the orc's attack.
You take 2 damage, and have 35/42 hp.
You hit the orc priest. You hit the orc. You closely miss the orc.
The orc barely misses you. You block the orc priest's attack.
The orc barely misses you. The orc hits you but does no damage.
You slash the orc priest! You closely miss the orc. x2
The orc closely misses you.
The orc priest invokes the aid of Beogh against you.
Beogh smites you! You block the orc's attack.
The orc priest mumbles some strange prayers to Beogh against you.
Beogh smites you!
* * * LOW HITPOINT WARNING * * *
The orc barely misses you.
You take 24 damage, and have 11/42 hp.
MASSIVE DAMAGE!!
You now have 2/5 mp.
You hit the orc priest. You hit the orc but do no damage.
You closely miss the orc. You block the orc's attack.
The orc priest invokes the aid of Beogh against you.
Beogh smites you!
* * * LOW HITPOINT WARNING * * *
You block the orc's attack.
You take 8 damage, and have 3/42 hp.
You now have 0/5 mp.
You hit the orc priest.
You kill the orc priest!
You hit the orc.
You kill the orc!
You closely miss the orc. The orc barely misses you.
The leopard gecko bites you but does no damage.
You closely miss the orc. You closely miss the leopard gecko.
The orc hits you but does no damage. The leopard gecko closely misses you.
You closely miss the orc. You closely miss the leopard gecko.
The leopard gecko closely misses you. The orc hits you with a hand axe.
You die...

#### ..#
# ##.#
###.#.<#
#......#
#....)@#
#...!ol#
#.......
#......##
.........
.########


You could see an orc and a leopard gecko.

Vanquished Creatures
  A phantom (D:2)
  An orc priest (D:3)
  4 adders (D:2)
  2 leopard geckos
  An orc (D:3)
  2 giant cockroaches (D:1)
  2 goblins
  5 hobgoblins
  3 jackals
  A quokka (D:2)
  4 bats
  4 frilled lizards
  6 kobolds
  2 rats
38 creatures vanquished.

Notes
Turn   | Place    | Note
-------+----------+-------------------------------------------
     0 | D:1      | shakethe the Demonspawn Fighter began the quest for the Orb.
     0 | D:1      | Reached XP level 1. HP: 18/18 MP: 1/1
   346 | D:1      | Reached skill level 2 in Axes
   466 | D:1      | Gained mutation: When hurt, damage is shared between your health and your magic reserves. [demonic ancestry]
   466 | D:1      | Reached XP level 2. HP: 23/24 MP: 2/2
   716 | D:1      | Reached skill level 3 in Armour
   895 | D:2      | HP: 5/24 [hobgoblin (3)]
   895 | D:2      | HP: 2/24 [hobgoblin (3)]
   899 | D:2      | Gained mutation: You are surrounded by a mild repulsion field. (EV +2) [demonic ancestry]
   899 | D:2      | Reached XP level 3. HP: 1/29 MP: 0/3
  1426 | D:2      | Reached XP level 4. HP: 18/37 MP: 2/4
  1629 | D:2      | Noticed a phantom
  1863 | D:2      | Killed a phantom
  1863 | D:2      | Reached skill level 4 in Fighting
  1863 | D:2      | Reached skill level 3 in Axes
  1863 | D:2      | Gained mutation: You have a pair of small antennae on your head. [demonic ancestry]
  1863 | D:2      | Reached XP level 5. HP: 28/42 MP: 3/5
  1929 | D:3      | HP: 3/42 [orc priest/divine providence (9)]
  1932 | D:3      | Slain by an orc

Skill      XL: |  1  2  3  4 |
---------------+-------------+-----
Axes           | 2 3 |  3.2
Armour         | 3 |  3.9
Fighting       | 4 |  4.3
Shields        | |  2.6

Action                   |  1- 3 |  4- 6 || total
-------------------------+-------+-------++-------
Melee: War axe           |   121 |    28 ||   149
  Eat: Chunk             |     2 |     1 ||     3
Armor: Scale mail        |    64 |     7 ||    71
Dodge: Dodged            |    44 |     9 ||    53
Block: Shield            |    76 |    12 ||    88

Vault maps used:
D:1:      sevenhm_arrival_forest_fort_small_6
D:2:      chequers_temple_overflow_minitemple
D:3:      first_ration

Table legend:
 A = Turns spent in this place as a percentage of turns spent in the entire game.
 B = Non-inter-level travel turns spent in this place as a percentage of non-inter-level travel turns spent in the entire game.
 C = Inter-level travel turns spent in this place as a percentage of turns spent in this place.
 D = Turns resting spent in this place as a percentage of non-inter-level travel turns spent in this place.
 E = Turns spent auto-exploring this place as a percentage of non-inter-level travel turns spent in this place.
 F = Non-inter-level travel turns spent in this place divided by the number of levels of this place that you've seen.
                   A       B       C       D       E      F
               +-------+-------+-------+-------+-------+----------------------
         Total | 100.0 | 100.0 |   2.9 |  29.9 |  51.1 | 625.3
       Dungeon | 100.0 | 100.0 |   2.9 |  29.9 |  51.1 | 625.3
               +-------+-------+-------+-------+-------+----------------------

Table legend:
 A = Kills in this place as a percentage of kills in entire the game.
 B = Kills by you in this place as a percentage of kills by you in the entire game.
 C = Kills by friends in this place as a percentage of kills by friends in the entire game.
 D = Other kills in this place as a percentage of other kills in the entire game.
 E = Experience gained in this place as a percentage of experience gained in the entire game.
 F = Experience gained in this place divided by the number of levels of this place that you have seen.
                   A       B       C       D       E      F
               +-------+-------+-------+-------+-------+----------------------
         Total | 100.0 | 100.0 |   N/A |   N/A | 100.0 |  89.0
       Dungeon | 100.0 | 100.0 |   N/A |   N/A | 100.0 |  89.0
               +-------+-------+-------+-------+-------+----------------------
